 Dungeon Crawl Stone Soup version 0.28.0-45-g0d030f2227 (webtiles) character file.

Game seed: 9570701600902783575

60 selver the Shooter (level 3, -2/30 HPs)
             Began as a Minotaur Hunter on Apr 14, 2022.
             Slain by an orc
             ... wielding a +2 short sword of venom
              (7 damage)
             ... on level 3 of the Dungeon.
             The game lasted 00:04:13 (1299 turns).

selver the Shooter (Minotaur Hunter)                Turns: 1299, Time: 00:04:15

Health: -2/30      AC:  4    Str: 18    XL:     3   Next: 80%
Magic:  2/2        EV: 11    Int:  8    God:
Gold:   104        SH:  0    Dex: 10    Spells: 2/2 levels left

rFire   . . .      SeeInvis .   b - +2 dagger (elec)
rCold   . . .      Faith    .   (no shield)
rNeg    . . .      Spirit   .   c - +0 leather armour
rPois   .          Reflect  .   (helmet restricted)
rElec   .          Harm     .   (no cloak)
rCorr   .          Rampage  .   l - +0 pair of gloves
Will    .....                   (no boots)
Stlth   +.........              (no amulet)
HPRegen 0.10/turn               (no ring)
MPRegen 0.08/turn               (no ring)

@: lethally poisoned (-2 -> -19)
A: horns 2, retaliatory headbutt
a: no special abilities


You were on level 3 of the Dungeon.
You visited 1 branch of the dungeon, and saw 3 of its levels.

You collected 104 gold pieces.

Inventory:

Hand Weapons
 a - a +1 shortbow
 b - a +2 dagger of electrocution (weapon)
 j - a +0 short sword
Missiles
 d - 20 arrows
Armour
 c - a +0 leather armour (worn)
 l - a +0 pair of gloves (worn)
Scrolls
 e - a scroll of fear {unknown}
 h - 2 scrolls of teleportation {unknown}
 i - 2 scrolls of vulnerability {unknown}
Potions
 m - a potion of mutation {unknown}


   Skills:
 - Level 2.4 Fighting
 + Level 6.0 Bows
 - Level 2.1 Dodging
 - Level 0.7 Stealth


You had 2 spell levels left.
You didn't know any spells.
Your spell library contained the following spells:

 Spells                   Type           Power      Damage    Failure   Level
 Confusing Touch          Hex            0%         N/A       83%         3
 Yara's Violent Unravell  Hex/Tmut       0%         3d3       100%        5
 Enfeeble                 Hex            0%         N/A       100%        7


Dungeon Overview and Level Annotations

Branches:
Dungeon (3/15)

Altars:


Innate Abilities, Weirdness & Mutations

You have a pair of horns on your head.
You reflexively headbutt those who attack you in melee.


Message History

You shoot an arrow. The arrow barely misses the orc.
The orc misses you. You furiously retaliate!
You headbutt the orc, but do no damage.
You hear the crackle of electricity.
b - a +2 dagger of electrocution (weapon)
The orc hits you with a +2 short sword of venom.
You are poisoned.
You barely miss the orc.
The orc is heavily wounded.
You feel sick. The orc hits you but does no damage.
You are more poisoned.
You hit the orc.
The orc is severely wounded.
You feel very sick.
The orc hits you with a +2 short sword of venom.
You are lethally poisoned!
You hit the orc.
The orc is almost dead.
You feel very sick.
The orc hits you with a +2 short sword of venom.
* * * LOW HITPOINT WARNING * * *
You are more poisoned.
You are too injured to fight recklessly!
You are too injured to fight recklessly!
It was a potion of curing.
You feel better.
The orc hits you with a +2 short sword of venom.
You are poisoned.
It was a potion of brilliance.
You feel clever all of a sudden.
You feel very sick.
The orc hits you with a +2 short sword of venom.
* * * LOW HITPOINT WARNING * * *
You are lethally poisoned!
It was a potion of cancellation.
Your magical effects are unravelling.
You feel magically purged.
You feel a little less clever now.
* * * LOW HITPOINT WARNING * * *
You feel very sick.
The orc hits you with a +2 short sword of venom!
You die...

#.# .. #.# ...
####.####...
...#....(...
#######.##...(....
#...........(....
##.##.o.#.##.
#<...@.......
####.#.......
#....#.######
##...#.# #.#...#
###.### ... ###


You could see an orc.

Vanquished Creatures
  An adder (D:2)
  A dart slug (D:2)
  An orc (D:3)
  5 endoplasms
  2 giant cockroaches (D:1)
  5 goblins
  5 hobgoblins
  3 jackals (D:2)
  7 ball pythons
  3 bats
  3 frilled lizards
  5 kobolds
  2 rats (D:2)
43 creatures vanquished.

Vanquished Creatures (others)
  A plant (D:1)
1 creature vanquished.

Grand Total: 44 creatures vanquished

Notes
Turn   | Place    | Note
-------+----------+-------------------------------------------
     0 | D:1      | selver the Minotaur Hunter began the quest for the Orb.
     0 | D:1      | Reached XP level 1. HP: 18/18 MP: 0/0
    45 | D:1      | Found a faded altar of an unknown god.
   152 | D:1      | Reached XP level 2. HP: 25/25 MP: 1/1
   157 | D:1      | Reached skill level 5 in Bows
   729 | D:2      | Reached XP level 3. HP: 25/30 MP: 2/2
  1074 | D:2      | Reached skill level 6 in Bows
  1299 | D:3      | Slain by an orc

Illustrated notes

Levels and vault maps discovered:
D:1:      lemuel_arrival_room, layout_rooms, shapermc_ecumenical_altar_gd
D:2:      layout_rooms, minmay_tetromino_l4
D:3:      cheibrodos_fertilizer, layout_basic, hex_large

Skill      XL: |  1  2  3 |
---------------+----------+-----
Bows           | 5 6 |  6.0
Fighting       | |  2.4
Dodging        | |  2.1
Stealth        | |  0.7

Action                   || total
-------------------------++-------
Melee: Dagger            ||    23
       Short sword       ||     3
       Headbutt          ||     2
 Fire: Shortbow          ||    72
  Use: Potion            ||     3
Armor: Leather armour    ||    11
Dodge: Dodged            ||    23
